 Dungeon Crawl Stone Soup version 0.24.1-5-g77f818bfca (webtiles) character file.

Game seed: 2137964049353567365, levelgen mode: deterministic

25 Amplified the Digger (level 3, 0/28 HPs)
             Began as a Hill Orc Earth Elementalist on Apr 25, 2020.
             Succumbed to an adder's poison
             ... on level 1 of the Dungeon.
             The game lasted 00:01:53 (1139 turns).

Amplified the Digger (Hill Orc Earth Elementalist)  Turns: 1139, Time: 00:01:53

Health: 0/28       AC: 11    Str: 11    XL:     3   Next: 6%
Magic:  5/5        EV:  2    Int: 20    God:
Gold:   62         SH:  0    Dex: 11    Spells: 4/5 levels left

rFire    . . .     SeeInvis .   f - +1 hand axe
rCold    . . .     Gourm    .   (no shield)
rNeg     . . .     Faith    .   a - +1 plate armour
rPois    .         Spirit   .   (no helmet)
rElec    .         Reflect  .   (no cloak)
rCorr    .         Harm     .   (no gloves)
MR       .....                  (no boots)
Stlth    ..........             (no amulet)
HPRegen  0.09/turn              (no ring)
MPRegen  0.09/turn              (no ring)

@: brilliant, lethally poisoned (0 -> -4)
A: no striking features
a: no special abilities


You were on level 1 of the Dungeon.
You were hungry.

You visited 1 branch of the dungeon, and saw 2 of its levels.

You collected 62 gold pieces.

Inventory:

Hand Weapons
 f - a +1 hand axe (weapon)
Missiles
 b - 151 stones (quivered)
Armour
 a - a +1 plate armour (worn)
 c - a +0 robe
Jewellery
 e - an uncursed ring of stealth
Scrolls
 i - a scroll of remove curse
Comestibles
 d - 6 rations


   Skills:
 + Level 1.4 Fighting
 * Level 2.0 Axes
 + Level 1.0 Armour
 + Level 1.8 Dodging
 - Level 1.5 Stealth
 - Level 1.5 Spellcasting
   Level 0.6 Transmutations
 - Level 3.0 Earth Magic


You had 4 spell levels left.
You knew the following spells:

 Your Spells              Type           Power        Failure   Level  Hunger
a - Sandblast             Erth           ####..       78%         1    #......

Your spell library contained the following spells:

 Spells                   Type           Power        Failure   Level  Hunger
 Passwall                 Tmut/Erth      ###.....     95%         2    ###....
 Stone Arrow              Conj/Erth      ###...       99%         3    ###....
 Petrify                  Tmut/Erth      ###.....     100%        4    #####..
 Lee's Rapid Deconstruct  Erth           ####......   100%        5    ######.


Dungeon Overview and Level Annotations

Branches:
Dungeon (2/15)

Altars:


Message History

Unknown command.
As you read the scroll labeled ATYETI WYECUQE, it crumbles to dust.
It is a scroll of enchant armour.
Your +0 plate armour glows green for a moment.
The adder bites you but does no damage.
The hobgoblin hits you but does no damage.
Unknown command.
You hit the adder.
The adder is severely wounded.
You hit the hobgoblin but do no damage.
Your surroundings suddenly seem different.
* * * LOW HITPOINT WARNING * * *
You feel sick.
Unknown command.
You aren't carrying any potions.
Casting: Sandblast (safe; 78% risk of failure)
Confirm with . or Enter, or press ? or * to list all spells.
Okay, then.
There is a lethal amount of poison in your body!
You die...

##############.###
........# #...#
#######.### ###.#
........g># #.#
#######.#S# #.# #
#.#.# #.# ### #.#.#
#.# ..# #.#.# #.# #.#
#.#.# #@# #.# #.#.#
#.# #.# #.#.#
#.########### #.#
#.#)# #........)..#
#.#
#.#.##################
#.#####.#..........##
#.................).#
#######.###.....##..#
#.# #.###.##..#


There were no monsters in sight!

Vanquished Creatures
  2 dart slugs
  4 bats (D:1)
  2 giant cockroaches (D:1)
  3 goblins (D:1)
  3 jackals (D:1)
  4 kobolds (D:1)
  A rat (D:1)
19 creatures vanquished.

Notes
Turn   | Place    | Note
-------+----------+-------------------------------------------
     0 | D:1      | Amplified the Hill Orc Earth Elementalist began the quest
                  | for the Orb.
     0 | D:1      | Reached XP level 1. HP: 14/14 MP: 3/3
    68 | D:1      | Reached skill level 1 in Axes
    68 | D:1      | Reached XP level 2. HP: 20/22 MP: 4/4
   111 | D:1      | Reached skill level 1 in Fighting
  1083 | D:2      | Reached skill level 1 in Armour
  1083 | D:2      | Reached XP level 3. HP: 28/28 MP: 5/5
  1137 | D:1      | HP: 1/28 [poisoned by an adder]
  1139 | D:1      | Succumbed to an adder's poison

Levels and vault maps discovered:
D:1:      nzn_arrival_depleted_hourglass, layout_basic
D:2:      layout_rooms, old_standard_altar,
          nicolae_dithmenos_through_a_glass_darkly, grunt_temple_overflow_open

Skill      XL: |  1  2 |
---------------+-------+-----
Axes           | 1 2 |  2.0
Fighting       | 1 |  1.4
Armour         | 1 |  1.0
Dodging        | |  1.8
Stealth        | |  1.5
Spellcasting   | |  1.5
Transmutations | |  0.6
Earth Magic    | |  3.0

Action                   || total
-------------------------++-------
Melee: Hand axe          ||    78
  Use: Potion            ||     2
       Scroll            ||     5
Armor: Robe              ||    11
       Plate armour      ||    66
Dodge: Dodged            ||    32
